 Dungeon Crawl Stone Soup version 0.19-a0-1007-g133f65f (webtiles) character file.

27 Implojin the Cudgeler (level 2, -1/26 HPs)
             Began as a Minotaur Fighter on July 20, 2016.
             Slain by an iguana (10 damage)
             ... on level 4 of the Dungeon.
             The game lasted 00:01:53 (201 turns).

Implojin the Cudgeler (Minotaur Fighter)             Turns: 201, Time: 00:01:53

Health: -1/26      AC:  8    Str: 25    XL:     2   Next: 93%
Magic:  1/1        EV:  7    Int:  5    God:
Gold:   0          SH:  9    Dex:  9    Spells: 0 memorised, 1 level left

rFire  + . .     SeeInvis .     m - +0 morningstar
rCold  . . .     Gourm    .     k - +2 scale mail {rF+}
rNeg   . . .     Faith    .     c - +0 shield
rPois  .         Spirit   .     (helmet restricted)
rElec  .         Dismiss  .     (no cloak)
rCorr  .         Reflect  .     (no gloves)
SustAt .         Harm     .     (no boots)
MR     .....                    (no amulet)
Stlth  ..........               (no ring)
                                (no ring)

@: mighty, not resistant to hostile enchantments, extremely unstealthy
A: retaliatory headbutt, horns 2
a: no special abilities


You were on level 4 of the Dungeon.
You were not hungry.

You visited 1 branch of the dungeon, and saw 4 of its levels.

Inventory:

Hand Weapons
 a - a +0 flail
 m - a +0 morningstar (weapon)
Armour
 b - a +0 scale mail
 c - a +0 shield (worn)
 k - a +2 scale mail of fire resistance (worn)
Scrolls
 e - a scroll of identify {unknown}
 h - a scroll of recharging {unknown}
 i - a scroll of enchant weapon {unknown}
 l - a scroll of magic mapping {unknown}
Potions
 j - a potion of lignification {unknown}
Comestibles
 f - a bread ration
 g - a meat ration


   Skills:
 - Level 3.6 Fighting
 * Level 4.2 Maces & Flails
 - Level 3.6 Armour
 - Level 3.6 Shields


You had one spell level left.
You didn't know any spells.

Dungeon Overview and Level Annotations

Branches:
Dungeon (4/15)
 Temple: D:4-7

Altars:


Innate Abilities, Weirdness & Mutations

You reflexively headbutt those who attack you in melee.
You have a pair of horns on your head.


Message History

You barely miss the orc. You block the orc's attack. The orc barely misses you.
You closely miss the orc. The orc hits you but does no damage.
You hit the orc.
The orc is almost dead.
You block the orc's attack.
You hit the orc.
You kill the orc!
Your Maces & Flails skill increases to level 4!
You sock the orc!
You kill the orc!
Items here: )) [[ † a morningstar; a leather armour; a club; a leather armour; an orc corpse
m - a morningstar
Okay, then.
You found a teleport trap!
There is a stone staircase leading down here.
Wield which item (- for none, * to show all)? (? for menu, Esc to quit)
Okay, then.
Wield which item (- for none, * to show all)? (? for menu, Esc to quit)
m - a +0 morningstar (weapon)
A giant gecko comes into view.
The giant gecko hisses angrily.
You barely miss the giant gecko. Your headbutt misses the giant gecko.
The giant gecko closely misses you. The giant gecko barely misses you.
You puncture the giant gecko!
You kill the giant gecko!
There is a stone staircase leading down here.
You climb downwards.
There is a stone staircase leading up here.
Unknown command.
Found a glass wand.
An iguana comes into view.
The iguana hisses angrily.
A scorpion comes into view.
A scorpion comes into view.
You feel very mighty all of a sudden.
You puncture the iguana!
The iguana is severely wounded.
The iguana bites you!
You die...

#.##.##.#######
#.# #.#........
#..###...######
#.#.#.#.##
####.##.##.# ##
#..........## #.
#.##.........#
#..
#.##.#####...#
#... #.##@# #.#.#
##...###.##l#
.#.#
........l.s.#
............#
....s..s.##......
.#...#.####.####.
#./ #. #.# #. #.
#.# #. #.#


You could see a scorpion and an iguana.

Vanquished Creatures
  A worm (D:2)
  3 giant geckos
  3 orcs (D:3)
  3 hobgoblins
  5 goblins
  A kobold (D:2)
  A rat (D:1)
17 creatures vanquished.

Notes
Turn   | Place    | Note
-------+----------+-------------------------------------------
     0 | D:1      | Implojin the Minotaur Fighter began the quest for the Orb.
     0 | D:1      | Reached XP level 1. HP: 19/19 MP: 0/0
    48 | D:1      | Reached skill level 3 in Maces & Flails
    64 | D:1      | Reached XP level 2. HP: 17/26 MP: 1/1
   156 | D:3      | Reached skill level 4 in Maces & Flails
   192 | D:4      | Noticed a scorpion
   198 | D:4      | Noticed a scorpion
   201 | D:4      | Slain by an iguana

Vault maps used:
D:1:      mrwooster_arrival_arrow
D:2:      uniq_terence
D:3:      first_bread, tso_metal_star

Skill      XL: |  1  2 |
---------------+-------+-----
Maces & Flails | 3 4 |  4.2
Fighting       | |  3.6
Armour         | |  3.6
Shields        | |  3.6

Action                   || total
-------------------------++-------
Melee: Flail             ||    35
       Morningstar       ||     3
       Headbutt          ||     3
  Use: Potion            ||     1
Armor: Scale mail        ||    15
Dodge: Dodged            ||    13
Block: Shield            ||    21

Table legend:
 A = Turns spent in this place as a percentage of turns spent in the entire game.
 B = Non-inter-level travel turns spent in this place as a percentage of non-inter-level travel turns spent in the entire game.
 C = Inter-level travel turns spent in this place as a percentage of turns spent in this place.
 D = Turns resting spent in this place as a percentage of non-inter-level travel turns spent in this place.
 E = Turns spent auto-exploring this place as a percentage of non-inter-level travel turns spent in this place.
 F = Non-inter-level travel turns spent in this place divided by the number of levels of this place that you've seen.
                   A       B       C       D       E      F
               +-------+-------+-------+-------+-------+----------------------
         Total | 100.0 | 100.0 |   0.0 |   0.0 |   0.0 |  51.2
       Dungeon | 100.0 | 100.0 |   0.0 |   0.0 |   0.0 |  51.2
               +-------+-------+-------+-------+-------+----------------------

Table legend:
 A = Kills in this place as a percentage of kills in entire the game.
 B = Kills by you in this place as a percentage of kills by you in the entire game.
 C = Kills by friends in this place as a percentage of kills by friends in the entire game.
 D = Other kills in this place as a percentage of other kills in the entire game.
 E = Experience gained in this place as a percentage of experience gained in the entire game.
 F = Experience gained in this place divided by the number of levels of this place that you have seen.
                   A       B       C       D       E      F
               +-------+-------+-------+-------+-------+----------------------
         Total | 100.0 | 100.0 |  -nan |  -nan | 100.0 |   9.8
       Dungeon | 100.0 | 100.0 |  -nan |  -nan | 100.0 |   9.8
               +-------+-------+-------+-------+-------+----------------------
